AoeStats
← Ana Catalina

Black Forest

508704302Analyzed
4v4 RM · 8d ago on Sep 23, 2026· 32m 11s· 8 players
Game mode
Random Map
Map size
Large (8 player)
Population
200
Speed
Normal
Resources
Standard
Victory
Conquest
Starting age
Dark Age
Ending age
Imperial Age
RankedLock teamsTeams togetherTeam positionsShared explorationLock speedFull tech treeHidden civsTurbo modeCheats
Victory
Defeat
🇧🇪 Byzantines · Belgium
871
+11
🇮🇹 Danes · Italy
866
+11
🇨🇳 Franks · China
848
+12
🇩🇪 Saxons · Germany
760
+16
🇧🇷 Khmer · Brazil
816
-39
🇦🇷 Malay · Argentina
801
-14
🇩🇪 Byzantines · Germany
778
-13
🇧🇷 Franks · Brazil
640
-8
LuchoCuzzo
0:33 Loom
24:50 Feudal Age
32:12 Castle Age
Walls vs Zombies 2009
gurizão do mixbr
11:45 Feudal Age
14:15 Town Watch
15:07 Double-Bit Axe
19:53 Wheelbarrow
23:33 Castle Age
22:54 Wheelbarrow
23:08 Scale Barding Armor
24:55 Town Patrol
24:44 Fishing Lines
25:28 Bow Saw
25:12 Stone Mining
27:37 Gold Mining
28:30 Chain Barding Armor
29:16 Hand Cart
demishasler
10:11 Feudal Age
17:30 Double-Bit Axe
22:42 Wheelbarrow
22:14 Gold Mining
22:23 Stone Mining
27:37 Horse Collar
31:36 Castle Age
georgke.be
1:35 Loom
2:05 Loom
12:37 Feudal Age
14:24 Horse Collar
14:34 Double-Bit Axe
18:20 Castle Age
18:56 Stone Mining
19:27 Heavy Plow
22:23 Bow Saw
22:33 Gold Mining
23:38 Stone Shaft Mining
24:49 Ballistics
24:22 Fletching
26:22 Bodkin Arrow
26:27 Padded Archer Armor
27:06 Wheelbarrow
27:54 Gold Shaft Mining
29:31 Husbandry
29:40 Scale Barding Armor
29:45 Forging
30:38 Hand Cart
31:33 Chain Barding Armor
31:49 Iron Casting
34:33 Imperial Age
Ana Catalina
0:32 Loom
16:10 Feudal Age
17:35 Fishing Lines
19:05 Town Watch
19:36 Double-Bit Axe
20:30 Stone Mining
20:31 Gold Mining
25:51 Castle Age
23:36 Horse Collar
25:29 Scale Mail Armor
25:40 Forging
25:21 Fletching
30:45 Clerical Recruitment
Charming K
1:02 Loom
1:07 Loom
10:43 Feudal Age
18:14 Castle Age
16:32 Fishing Lines
16:50 Stone Mining
17:17 Double-Bit Axe
19:52 Stone Shaft Mining
23:50 Gillnets
24:23 Fletching
29:37 Imperial Age
28:30 Forging
29:08 Bow Saw
31:56 Siege Engineers
32:15 Conscription
32:35 Iron Casting
Noob.
0:34 Loom
19:17 Feudal Age
19:28 Man-at-Arms
21:01 Forging
21:12 Scale Mail Armor
22:30 Arson
29:52 Castle Age
29:32 Double-Bit Axe
29:43 Gold Mining
31:58 Long Swordsman
32:24 Gambesons
32:40 Squires
33:23 Iron Casting
33:03 Chain Mail Armor
Connection lost

Rejoining the realm…

Still unreachable

The connection could not be restored.

Session expired

The server has moved on; the page needs a fresh start.